 Dungeon Crawl Stone Soup version 0.31-a0-631-g285b096dc4 (webtiles) character file.

Game seed: 1312100363271108444

13878 IdlyInterested the Cleaver (level 11, -2/80 HPs)
             Began as a Demonspawn Gladiator on Aug 25, 2023.
             Slain by a dire elephant simulacrum (5 damage)
             ... in an ice cave.
             The game lasted 00:53:03 (13648 turns).

IdlyInterested the Cleaver (Demonspawn Gladiator)  Turns: 13648, Time: 00:53:05

Health: -2/80      AC: 21    Str: 23    XL:     11   Next: 81%
Magic:  11/11      EV: 11    Int:  8    God:
Gold:   593        SH:  4    Dex: 18    Spells: 10/10 levels left

rFire   + . .        a - +0 war axe
rCold   + + .        (no shield)
rNeg    . . .        J - +6 scale mail {Will+}
rPois   +            G - +0 helmet
rElec   +            j - +0 cloak
rCorr   +            (gloves unavailable)
SInv    .            v - +0 pair of boots
Will    ++...        U - amulet of the acrobat
Stlth   +            h - +6 ring of strength
HPRegen 0.33/turn    H - ring of willpower
MPRegen 0.12/turn

%: acrobat
@: resistant
A: claws 3, icy blue scales 3, foul stench 1, condensation shield, agile 1,
dopey 1
a: no special abilities


You were in an ice cave.
You visited 2 branches of the dungeon, and saw 13 of its levels.
You also visited: Ossuary and Ice Cave.

You collected 725 gold pieces.
You spent 132 gold pieces at shops.

Inventory:

Hand Weapons
 a - a +0 war axe (weapon)
 q - a +0 battleaxe
 u - a +2 hand axe of freezing
 x - a +2 hand axe of venom
 N - a +2 scimitar of flaming
 Z - a +3 trident
Missiles
 e - a javelin
 o - a throwing net
 r - 8 boomerangs
 s - 30 poisoned darts
 z - 34 stones (quivered)
Armour
 b - an orb of light
 j - a +0 cloak (worn)
 v - a +0 pair of boots (worn)
 G - a +0 helmet (worn)
 J - a +6 scale mail of willpower (worn)
 O - a scarf of invisibility
Jewellery
 h - a +6 ring of strength (left claw)
 m - a ring of see invisible
 H - a ring of willpower (right claw)
 P - a ring of poison resistance
 T - a ring of positive energy
 U - an amulet of the acrobat (around neck)
Wands
 d - a wand of iceblast (10)
 t - a wand of digging (5)
 E - a wand of flame (14)
 I - a wand of mindburst (18)
 K - a wand of polymorph (10)
 L - a wand of quicksilver (13)
Scrolls
 f - 3 scrolls of fog
 k - a scroll of enchant armour
 l - 2 scrolls of vulnerability
 p - 3 scrolls of fear
 w - a scroll of silence
 y - a scroll of identify
 B - 2 scrolls of revelation
 C - 6 scrolls of teleportation
 D - 4 scrolls of blinking
 Q - 3 scrolls of immolation
 W - 6 scrolls of poison
 X - a scroll of brand weapon
Potions
 c - a potion of resistance
 g - a potion of cancellation
 i - 3 potions of brilliance
 n - a potion of might
 A - 2 potions of attraction
 F - 5 potions of curing
 M - a potion of mutation
 V - 2 potions of haste


   Skills:
 + Level 5.3 Fighting
 * Level 14.9 Axes
 - Level 2.0 Throwing
 - Level 5.0 Armour
 - Level 2.6 Dodging
 - Level 2.0 Stealth
 - Level 5.0 Unarmed Combat
 - Level 2.0 Evocations
 - Level 2.0 Shapeshifting


You had 10 spell levels left.
You didn't know any spells.
Your spell library contained the following spells:

 Spells                   Type           Power      Damage    Failure   Level
 Apportation              Tloc           0%         N/A       71%         1
 Magic Dart               Conj           0%         1d3       71%         1
 Necrotise                Necr           0%         1d4       71%         1
 Slow                     Hex            0%         N/A       71%         1
 Summon Small Mammal      Summ           0%         N/A       71%         1
 Searing Ray              Conj           0%         2d4       83%         2
 Confusing Touch          Hex            0%         N/A       97%         3
 Swiftness                Air            0%         N/A       97%         3
 Vampiric Draining        Necr           0%         2d6       97%         3
 Vhi's Electric Charge    Tloc/Air       0%         N/A       97%         3
 Fulminant Prism          Conj/Hex       0%         3d5       100%        4
 Arcjolt                  Conj/Air       0%         1d10      100%        5
 Lee's Rapid Deconstruct  Erth           0%         3d4*      100%        5


Dungeon Overview and Level Annotations

Branches:
Dungeon (12/15)            Temple (1/1) D:5            Lair (0/5) D:11
    Orc (0/2) D:11        Ossuary (visited)           IceCv (1/1)

Altars:
Ashenzari
Cheibriados
Dithmenos
Fedhas
Gozag
Hepliaklqana
Kikubaaqudgha
Makhleb
Nemelex Xobeh
Okawaru
Qazlal
Ru
Sif Muna
Trog
Uskayaw
Vehumet
Wu Jian
Xom
Yredelemnul

Shops:
D:1 ::([*   D:7 [   D:8 (*   D:9 (   D:11 !

Portals:
Trove: D:11 (give 14 potions of curing)


Innate Abilities, Weirdness & Mutations

You have claws for hands.
You are completely covered in icy blue scales. (AC +4, rC+)
You may rarely emit foul miasma when damaged in melee.
A meltable shield of frost defends you. (SH +4)
You are agile. (Dex +4, Str/Int -1)
You are dopey. (Int -2)


Message History

The cane toad simulacrum barely misses you.
The white ugly thing is engulfed in freezing vapours.
The white ugly thing barely misses you.
You hit the white ugly thing.
The white ugly thing is heavily wounded.
You hit the dire elephant simulacrum but do no damage.
You slash the cane toad simulacrum!
The cane toad simulacrum vaporises!
You slash the anaconda simulacrum!
The anaconda simulacrum vaporises!
The dire elephant simulacrum closely misses you.
The dire elephant simulacrum trunk-slaps you but does no damage.
You slash the white ugly thing!
The white ugly thing is severely wounded.
You hit the dire elephant simulacrum but do no damage.
The white ugly thing barely misses you.
You hit the white ugly thing.
The white ugly thing is severely wounded.
You slash the dire elephant simulacrum! The white ugly thing barely misses you.
The dire elephant simulacrum tramples you!
You hold your ground!
The dire elephant simulacrum trunk-slaps you but does no damage.
You hit the white ugly thing but do no damage.
The white ugly thing is severely wounded.
You slash the dire elephant simulacrum!
The white ugly thing claws you but does no damage.
You barely miss the white ugly thing.
The white ugly thing is severely wounded.
You hit the dire elephant simulacrum.
The dire elephant simulacrum tramples you!!
* * * LOW HITPOINT WARNING * * *
You hold your ground!
The dire elephant simulacrum trunk-slaps you but does no damage.
You feel protected.
The white ugly thing closely misses you.
The dire elephant simulacrum tramples you.
* * * LOW HITPOINT WARNING * * *
You hold your ground!
The dire elephant simulacrum trunk-slaps you.
You die...

#......!......#
#....8...8....#
#.............#
#...........#
#...........#
#...........#
#.........#
#Z○u∩...#
##@.∩..##
#######


You could see a white ugly thing and a dire elephant simulacrum.

Vanquished Creatures
  2 two-headed ogres (D:11)
  A boulder beetle (D:11)
  Pikel (D:4)
  2 cyclopes
  A gargoyle (D:10)
  Maggie (D:8)
  2 komodo dragons
  A freezing wraith (D:9)
  Psyche (D:8)
  An anaconda simulacrum (IceCv)
  2 trolls (D:11)
  Grinder (D:4)
  Sigmund (D:2)
  A vampire (D:9)
  4 wyverns
  9 yaks
  The ghost of Brisketman the Sneak, an amateur SpSh (D:4)
  A wraith (D:11)
  Menkaure (D:6)
  A steam dragon (D:9)
  A water moccasin (D:9)
  Edmund (D:4)
  5 ice beasts
  4 black bears
  3 orc warriors
  11 centaurs
  An elf zombie (Ossuary)
  A bullfrog (D:8)
  2 kobold brigands
  A gnoll sergeant (D:8)
  A water moccasin zombie (D:4)
  2 scorpions (D:5)
  A cane toad simulacrum (IceCv)
  12 wights
  16 killer bees
  3 electric eels
  2 howler monkeys
  A bullfrog zombie (D:4)
  5 centaur zombies (Ossuary)
  2 orc priests
  A bullfrog skeleton (D:4)
  A human zombie (Ossuary)
  2 jellies
  Crazy Yiuf (D:3)
  5 hounds
  2 sleepcaps (D:6)
  An iguana (D:6)
  Ijyb (D:3)
  Jessica (D:2)
  9 orc wizards
  2 wolf simulacra (IceCv)
  7 mummies (Ossuary)
  Robin (D:3)
  10 gnolls
  9 adders
  A howler monkey skeleton (D:4)
  4 shadow imps
  3 white imps
  An ufetubus (D:7)
  2 adder zombies (Ossuary)
  4 worms
  4 dart slugs
  43 orcs
  10 bats
  6 endoplasms
  4 giant cockroaches
  14 goblins
  10 hobgoblins
  6 jackals (D:1)
  3 quokkas
  5 ball pythons
  6 frilled lizards
  4 goblin zombies (Ossuary)
  6 hobgoblin zombies (Ossuary)
  17 kobolds
  2 kobold zombies (Ossuary)
  3 quokka zombies (Ossuary)
  3 rats
  6 rat zombies (Ossuary)
330 creatures vanquished.

Vanquished Creatures (others)
  An orc (D:9)
1 creature vanquished.

Grand Total: 331 creatures vanquished

Notes
Turn   | Place    | Note
-------+----------+-------------------------------------------
     0 | D:1      | IdlyInterested the Demonspawn Gladiator began the quest for
                  | the Orb.
     0 | D:1      | Reached XP level 1. HP: 16/16 MP: 1/1
    91 | D:1      | Reached skill level 3 in Axes
   127 | D:1      | Found Deguneoz's Book Shoppe.
   139 | D:1      | Gained mutation: You are partially covered in icy blue
                  | scales. (AC +2) [demonic ancestry]
   139 | D:1      | Reached XP level 2. HP: 16/22 MP: 2/2
   276 | D:1      | Found Xetyptan's Antique Weapon Shop.
   287 | D:1      | Reached skill level 1 in Armour
   377 | D:1      | Gained mutation: A meltable shield of frost defends you.
                  | (SH +4) [demonic ancestry]
   377 | D:1      | Reached XP level 3. HP: 27/27 MP: 3/3
   630 | D:1      | Found Yruph's Assorted Antiques.
   653 | D:1      | Found Qeage Fatihi's Antique Armour Shoppe.
   698 | D:1      | Found Wutac's Book Emporium.
  1016 | D:1      | Bought a scroll labelled QUHIV RAEH CAK for 23 gold pieces
  1016 | D:1      | Bought a scroll labelled SUAR AHYFYU for 23 gold pieces
  1016 | D:1      | Bought a scroll labelled TOHUHAG SUMOM for 23 gold pieces
  1067 | D:2      | Found a faded altar of an unknown god.
  1113 | D:2      | Noticed Jessica
  1119 | D:2      | Killed Jessica
  1120 | D:2      | Reached skill level 4 in Axes
  1120 | D:2      | Gained mutation: You are mostly covered in icy blue scales.
                  | (AC +3) [demonic ancestry]
  1120 | D:2      | Reached XP level 4. HP: 29/33 MP: 4/4
  1206 | D:2      | Noticed Sigmund
  1216 | D:2      | Killed Sigmund
  1217 | D:2      | Reached skill level 5 in Axes
  1217 | D:2      | Reached XP level 5. HP: 28/38 MP: 5/5
  1632 | D:1      | Bought a scroll labelled GAJ NIDUL ITH for 23 gold pieces
  1657 | D:2      | Gained mutation: You are completely covered in icy blue
                  | scales. (AC +4, rC+) [demonic ancestry]
  1657 | D:2      | Reached XP level 6. HP: 42/44 MP: 6/6
  2093 | D:1      | Bought a smoky dark potion for 20 gold pieces
  2093 | D:1      | Bought a murky green potion for 20 gold pieces
  2189 | D:3      | Noticed Robin
  2206 | D:3      | Killed Robin
  2380 | D:3      | Found a runed translucent door.
  2381 | D:3      | Noticed Crazy Yiuf
  2446 | D:3      | Found a sacrificial altar of Ru.
  2448 | D:3      | Noticed Ijyb
  2465 | D:3      | Killed Ijyb
  2466 | D:3      | Reached skill level 6 in Axes
  2976 | D:3      | Killed Crazy Yiuf
  3178 | D:4      | Reached XP level 7. HP: 44/52 MP: 7/7
  3220 | D:4      | Found a hazy altar of Hepliaklqana.
  3288 | D:4      | Noticed Grinder
  3309 | D:4      | Killed Grinder
  3310 | D:4      | Reached skill level 7 in Axes
  3368 | D:4      | Noticed Edmund
  3381 | D:4      | Killed Edmund
  3571 | D:4      | Found a transporter.
  3649 | D:4      | Noticed Pikel
  3681 | D:4      | Killed Pikel
  3682 | D:4      | Reached skill level 8 in Axes
  3682 | D:4      | Gained mutation: You have sharp fingernails. [demonic
                  | ancestry]
  3682 | D:4      | Reached XP level 8. HP: 49/60 MP: 8/8
  3860 | D:4      | Found a transporter.
  3907 | D:4      | Found a radiant altar of Vehumet.
  4002 | D:4      | Noticed Brisketman's ghost (amateur SpSh)
  4020 | D:4      | Killed Brisketman's ghost
  4021 | D:4      | Reached skill level 9 in Axes
  4021 | D:4      | Reached skill level 1 in Unarmed Combat
  4104 | D:5      | Entered Level 5 of the Dungeon
  4158 | D:5      | Found a staircase to the Ecumenical Temple.
  4181 | Temple   | Entered the Ecumenical Temple
  4402 | D:5      | Got Sif Muna's Annotations on the Crystalline Birds
  4568 | D:5      | Gained mutation: You are frail. (-10% HP) [potion of
                  | mutation]
  4568 | D:5      | Gained mutation: Your spells are a little harder to cast,
                  | but a little more powerful. [potion of mutation]
  4640 | D:5      | Gained mutation: You have very sharp fingernails. [demonic
                  | ancestry]
  4640 | D:5      | Reached XP level 9. HP: 58/58 MP: 9/9
  4790 | D:5      | Found an opulent altar of Gozag.
  5629 | D:6      | Reached skill level 10 in Axes
  6180 | D:6      | Noticed Menkaure
  6185 | D:6      | Killed Menkaure
  6839 | D:7      | Reached skill level 11 in Axes
  6965 | D:7      | Found a sand-covered staircase.
  7015 | Ossuary  | Entered an ossuary
  7721 | D:7      | Lost mutation: You are frail. (-10% HP) [potion of
                  | mutation]
  7721 | D:7      | Lost mutation: Your spells are a little harder to cast, but
                  | a little more powerful. [potion of mutation]
  7721 | D:7      | Gained mutation: You are frail. (-10% HP) [potion of
                  | mutation]
  7721 | D:7      | Gained mutation: You are resistant to electric shocks.
                  | (rElec) [potion of mutation]
  7721 | D:7      | Gained mutation: You are clumsy. (Dex -2) [potion of
                  | mutation]
  7721 | D:7      | Gained mutation: You are somewhat resistant to further
                  | mutation. [potion of mutation]
  7762 | D:7      | Reached skill level 1 in Stealth
  7851 | D:7      | Gained mutation: You have claws for hands. [demonic
                  | ancestry]
  7851 | D:7      | Reached XP level 10. HP: 63/63 MP: 10/10
  8193 | D:7      | Found Aptuem Guiro's Antique Armour Shop.
  8360 | D:8      | Found Yjaapaec's Overcharged Wands.
  8489 | D:8      | Reached skill level 1 in Evocations
  8544 | D:8      | Reached skill level 12 in Axes
  8581 | D:8      | Reached skill level 1 in Shapeshifting
  8862 | D:8      | Noticed Maggie
  8878 | D:8      | Killed Maggie
  9159 | D:8      | Lost mutation: You are clumsy. (Dex -2) [potion of
                  | mutation]
  9159 | D:8      | Lost mutation: You are resistant to electric shocks.
                  | (rElec) [potion of mutation]
  9159 | D:8      | Gained mutation: You sometimes lose your temper in combat.
                  | [potion of mutation]
  9160 | D:8      | Lost mutation: You sometimes lose your temper in combat.
                  | [potion of mutation]
  9160 | D:8      | Lost mutation: You are frail. (-10% HP) [potion of
                  | mutation]
  9160 | D:8      | Lost mutation: You are somewhat resistant to further
                  | mutation. [potion of mutation]
  9160 | D:8      | Gained mutation: Armour fits poorly on your strangely
                  | shaped body. [potion of mutation]
  9160 | D:8      | Gained mutation: You are dopey. (Int -2) [potion of
                  | mutation]
  9160 | D:8      | Lost mutation: Armour fits poorly on your strangely shaped
                  | body. [potion of mutation]
  9160 | D:8      | Gained mutation: You are agile. (Dex +4, Str/Int -1)
                  | [potion of mutation]
  9242 | D:8      | Found Mumuf's Weapon Shoppe.
  9361 | D:8      | Found an ornate altar of the Wu Jian Council.
  9364 | D:8      | Found an ancient bone altar of Kikubaaqudgha.
  9523 | D:8      | Noticed Psyche
  9536 | D:8      | Killed Psyche
  9537 | D:8      | Reached skill level 13 in Axes
 10328 | D:9      | Gained mutation: You may rarely emit foul miasma when
                  | damaged in melee. [demonic ancestry]
 10328 | D:9      | Reached XP level 11. HP: 33/78 MP: 11/11
 10548 | D:9      | Found Feshri Rapp's Antique Weapon Emporium.
 10933 | D:10     | Entered Level 10 of the Dungeon
 11201 | D:10     | Reached skill level 5 in Fighting
 11492 | D:10     | Found a shimmering altar of Xom.
 12239 | D:11     | Found a staircase to the Orcish Mines.
 12255 | D:11     | Reached skill level 14 in Axes
 12413 | D:11     | Noticed a two-headed ogre
 12429 | D:11     | Killed a two-headed ogre
 12622 | D:11     | Found a portal to a secret trove of treasure.
 12664 | D:11     | Reached skill level 5 in Unarmed Combat
 12772 | D:11     | Noticed a two-headed ogre
 12783 | D:11     | Killed a two-headed ogre
 12838 | D:11     | Noticed a boulder beetle
 12851 | D:11     | Killed a boulder beetle
 12947 | D:11     | Found a staircase to the Lair.
 13148 | D:11     | Found Eczipsing's Distillery.
 13427 | D:11     | Reached skill level 5 in Armour
 13614 | D:12     | Found a frozen archway.
 13631 | IceCv    | Entered an ice cave
 13631 | IceCv    | Noticed a white ugly thing
 13648 | IceCv    | HP: 3/80 [dire elephant simulacrum (2)]
 13648 | IceCv    | Slain by a dire elephant simulacrum

Illustrated notes

Levels and vault maps discovered:
D:1:      onia_arrival_pyramid, layout_basic, serial_shops,
          nicolae_shop_hallway_plus, shop, shop,
          nicolae_shop_just_a_little_nook, nicolae_shop_window_shopping,
          serial_bayou_pond_a, minmay_three_crescents
D:2:      layout_loops_ring, nicolae_ecumenical_oubliette,
          chequers_serial_rivers_micro_a, uniq_jessica, uniq_sigmund
D:3:      layout_loops_ring, mainiacjoe_overflow_cross_hatched, uniq_ijyb,
          uniq_crazy_yiuf_cottage, uniq_robin
D:4:      layout_basic, fiery_altar_vehumet, mainiacjoe_overflow_boulevard,
          gammafunk_ghost_mausoleum, uniq_grinder, uniq_edmund, uniq_pikel
D:5:      layout_layer_cave, kennysheep_little_box, kennysheep_mini,
          minmay_temple_entry_crystal_x
D:6:      layout_loops_ring, kennysheep_cross_bottleneck, uniq_menkaure
D:7:      layout_rooms, serial_shops, shop, chequers_ossuary_entry_cave
D:8:      layout_loops_ring, nicolae_overflow_squiral, serial_shops, shop,
          nicolae_shop_overcharged_wands, uniq_psyche, uniq_maggie
D:9:      layout_loops_cross, serial_shops, kennysheep_mini_moat
D:10:     layout_loops_corners, xom_teletrap_fun, lightli_orcish_oven
D:11:     layout_irregular_city, david_lair_shrubbed, orc_0_dummy,
          enter_trove_3, serial_shops, nicolae_shop_pleasant_corner_grove
D:12:     layout_cave_pods, portal_ice_cave_entry_pillars_1
Temple:   eino_temple_water
IceCv:    ice_cave_statue_garden_transporter

Skill      XL: |  1  2  3  4  5  6  7  8  9 10 11 |
---------------+----------------------------------+-----
Axes           | 3 4 5 6 8 9 11 13 14 | 14.9
Armour         | 1 2 3 4 5 |  5.0
Fighting       | 3 4 5 |  5.3
Unarmed Combat | 2 4 5 |  5.0
Throwing       | 2 |  2.0
Stealth        | 1 2 |  2.0
Evocations     | 2 |  2.0
Shapeshifting  | 2 |  2.0
Dodging        | |  2.6

Action                     |  1- 3 |  4- 6 |  7- 9 | 10-12 || total
---------------------------+-------+-------+-------+-------++-------
  Melee: War axe           |    92 |   143 |   469 |   180 ||   884
         Punch             |     1 |       |    10 |    21 ||    32
         Hand axe          |       |       |       |   344 ||   344
  Throw: Throwing net      |       |     1 |       |     2 ||     3
         Dart              |       |       |    17 |    29 ||    46
         Stone             |       |       |    11 |    36 ||    47
  Evoke: Wand              |       |       |     1 |     6 ||     7
    Use: Scroll            |       |     6 |    11 |     5 ||    22
         Potion            |       |     1 |     8 |    10 ||    19
   Stab: Sleeping          |       |     4 |       |       ||     4
 Armour: Ring mail         |    48 |     7 |       |       ||    55
         Leather armour    |     2 |       |       |       ||     2
         Robe              |       |    24 |       |       ||    24
         Scale mail        |       |    13 |   209 |   197 ||   419
  Dodge: Dodged            |    67 |    62 |   237 |   292 ||   658
  Block: Other             |     7 |    19 |    51 |    87 ||   164

Table legend: (Time is in decaauts)
 A = Elapsed time spent in this place.
 B = Non-inter-level travel time spent in this place.
 C = Inter-level travel time spent in this place.
 D = Time resting spent in this place.
 E = Time spent auto-exploring this place.
 F = Levels seen in this place.
 G = Mean time per level.
                   A        B        C        D        E       F      G
               +--------+--------+--------+--------+--------+-----+--------+
         Total |  13560 |  11996 |   1564 |   2090 |   6261 |  15 |  904.0 |
       Dungeon |  12988 |  11424 |   1564 |   2010 |   6261 |  12 | 1082.3 |
        Temple |      1 |      1 |      0 |      0 |      0 |   1 |    1.0 |
       Ossuary |    557 |    557 |      0 |     80 |      0 |   1 |  557.0 |
      Ice Cave |     13 |     13 |      0 |      0 |      0 |   1 |   13.0 |
               +--------+--------+--------+--------+--------+-----+--------+

Top non-repeatable levels by time:
     D:8: 1390 daAuts
     D:6: 1309 daAuts
    D:10: 1288 daAuts
     D:5: 1228 daAuts
     D:3: 1221 daAuts
     D:9: 1196 daAuts
     D:1: 1194 daAuts
    D:11: 1144 daAuts
     D:7: 1019 daAuts
     D:4: 963 daAuts
     D:2: 945 daAuts
 Ossuary: 557 daAuts
    D:12: 85 daAuts
   IceCv: 13 daAuts
  Temple: 1 daAuts
